 Dungeon Crawl Stone Soup version 0.30.0-15-g856e2d3f33 (webtiles) character file.

Game seed: 2444295035412938522

32513 Iich the Warrior (level 13, -30/139 HPs)
             Began as a Hill Orc Fighter on May 17, 2023.
             Was an Initiate of Gozag.
             Annihilated by a dire elephant (73 damage)
             ... on level 4 of the Lair of Beasts on May 18, 2023.
             The game lasted 00:34:12 (15899 turns).

Iich the Warrior (Hill Orc Fighter)                Turns: 15899, Time: 00:34:13

Health: -30/139    AC: 29    Str: 27    XL:     13   Next: 65%
Magic:  13/13      EV:  2    Int: 10    God:    Gozag
Gold:   1008       SH:  0    Dex: 23    Spells: 12/12 levels left

rFire   + . .        a - +0 war axe
rCold   . . .        c - +0 buckler
rNeg    . . .        X - +7 plate armour "Dupupt" {Int+2}
rPois   .            r - +2 helmet
rElec   .            S - +1 cloak "Jusierr" {Will+ Str+5 Dex+5}
rCorr   .            J - +2 pair of gloves {hurl}
SInv    +            G - +1 pair of boots "Topnuw" {rF+ Regen+}
Will    +....        (no amulet) Stlth
                     f - +6 ring of dexterity
HPRegen 1.23/turn    T - +5 ring of evasion
MPRegen 0.13/turn

%: no passive effects
@: sleeping, gold aura
A: see invisible, subdued magic 1, MP-powered wands
a: Renounce Religion, Potion Petition, Call Merchant, Bribe Branch


You were on level 4 of the Lair of Beasts.
You worshipped Gozag.
Gozag was most pleased with you.
You visited 3 branches of the dungeon, and saw 16 of its levels.
You also visited: Bailey.

You collected 4365 gold pieces.
You spent 766 gold pieces at shops.
You paid 2591 gold pieces to Gozag.

Inventory:

Hand Weapons
 a - a +0 war axe (weapon)
 b - a +4 sling
Missiles
 N - a throwing net
Armour
 c - a +0 buckler (worn)
 r - a +2 helmet (worn)
 y - a +0 plate armour
 G - the +1 pair of boots "Topnuw" (worn) {rF+ Regen+}
   (You found it on level 8 of the Dungeon)

   rF:        It protects you from fire.
   Regen:     It increases your rate of health regeneration.
 I - a +3 chain mail of cold resistance
 J - a +2 pair of gloves of hurling (worn)
 P - +2 acid dragon scales
 S - the +1 cloak "Jusierr" (worn) {Will+ Str+5 Dex+5}
   (You bought it in a shop on level 10 of the Dungeon)

   Str:       It affects your strength (+5).
   Dex:       It affects your dexterity (+5).
   Will:      It increases your willpower.
 X - the +7 plate armour "Dupupt" (worn) {Int+2}
   (You found it on level 1 of the Lair of Beasts)

   Int:       It affects your intelligence (+2).
Jewellery
 f - a +6 ring of dexterity (left hand)
 T - a +5 ring of evasion (right hand)
Wands
 g - a wand of mindburst (7)
 s - a wand of flame (24) (quivered)
 C - a wand of quicksilver (12)
 D - a wand of digging (4)
 E - a wand of polymorph (3)
 K - a wand of charming (4)
 L - a wand of iceblast (1)
Scrolls
 j - 4 scrolls of immolation
 p - a scroll of torment
 t - 4 scrolls of teleportation
 u - a scroll of amnesia
 v - a scroll of vulnerability
 w - a scroll of noise
 x - 5 scrolls of enchant weapon
 B - a scroll of blinking
 M - a scroll of silence
 R - 2 scrolls of magic mapping
 U - a scroll of poison
 V - a scroll of summoning {unknown}
Potions
 d - a potion of might
 e - 6 potions of mutation
 h - 2 potions of haste
 k - a potion of flight {unknown}
 l - 2 potions of heal wounds
 m - a potion of magic {unknown}
 n - a potion of resistance
 o - a potion of degeneration
 q - 5 potions of curing
 z - a potion of attraction
 A - a potion of brilliance {unknown}
 F - 2 potions of lignification
Miscellaneous
 i - a phantom mirror
 O - a lightning rod (3/4)
 W - a box of beasts


   Skills:
 + Level 20.1 Fighting
 - Level 18.0 Axes
 - Level 3.2 Armour
 * Level 10.0 Dodging
 - Level 3.2 Shields


You had 12 spell levels left.
You didn't know any spells.
Your spell library contained the following spells:

 Spells                   Type           Power      Damage    Failure   Level
 Sandblast                Erth           0%         2d4       99%         1
 Cigotuvi's Dreadful Rot  Necr/Pois/Air  0%         N/A       100%        2
 Passwall                 Tmut/Erth      0%         N/A       100%        2
 Stone Arrow              Conj/Erth      0%         3d7       100%        3
 Dispel Undead            Necr           0%         3d6       100%        4
 Death Channel            Necr           0%         N/A       100%        6


Dungeon Overview and Level Annotations

Branches:
Dungeon (11/15)            Temple (1/1) D:4            Lair (4/5) D:10
  Swamp (0/4) Lair:3       Spider (0/4) Lair:2          Orc (0/2) D:10
 Bailey (visited)
  Slime: Lair:4-5

Altars:
Ashenzari
Cheibriados
Dithmenos
Elyvilon
Fedhas
Gozag
Hepliaklqana
Kikubaaqudgha
Makhleb
Nemelex Xobeh
Okawaru
Qazlal
Ru
Sif Muna
Trog
Uskayaw
Vehumet
Wu Jian
Xom
Yredelemnul
Zin
The Shining One

Shops:
D:3 !   D:10 [?   Lair:3 *


Innate Abilities, Weirdness & Mutations

You have supernaturally acute eyesight. (SInv)
Your spells are a little easier to cast, but a little less powerful.
You expend magic power (3 MP) to strengthen your wands.


Message History

The yak is no longer distracted by gold.
The dire elephant tramples you but does no damage.
You block the dire elephant's attack.
Unknown command.
You hit the dire elephant.
The dire elephant is almost dead.
The yak is distracted by your dazzling golden aura.
The dire elephant tramples you but does no damage.
The dire elephant trunk-slaps you but does no damage.
Unknown command.
The yak bellows!
You slash the dire elephant!
The dire elephant is almost dead.
You barely miss the elephant. The elephant completely misses you.
The elephant barely misses you.
Unknown command.
You hit the dire elephant.
The dire elephant is almost dead.
You slash the elephant! The dire elephant tramples you!
* * * LOW HITPOINT WARNING * * *
You hold your ground!
The dire elephant trunk-slaps you but does no damage.
You take 11 damage, and have 54/139 hp.
You hit the dire elephant but do no damage.
The dire elephant is almost dead.
You slash the elephant!
An elephant comes into view.
You block the elephant's attack. The elephant misses you.
The dire elephant tramples you!
* * * LOW HITPOINT WARNING * * *
You hold your ground!
The dire elephant trunk-slaps you!
* * * LOW HITPOINT WARNING * * *
The dream sheep shake their wool and sparkle.
You feel drowsy...
You fall asleep.
The yak is no longer distracted by gold.
The elephant is distracted by your dazzling golden aura.
The dire elephant tramples you!!!!
Ouch! That really hurt!
You die...
Your body crumbles into a pile of gold.

### ######## ### ###.######
#P##P..###.####..#.....####
...........................
..P........................
#.#...............$$...)...
.#......#..##.###$$....##.#
.##......#.#####@$.........
.##.....###.# #YY...♣PP≈P.
.##.....# ... #Y...~≈≈♣♣≈≈
###.....P# .........≈♣Y.~P♣
##.......# P##.#Y.♣♣♣Y....
.........# ###...P≈ ....P
........## ##.Y≈Y ....P
......... ...Y.. .Y. ......


You could see a dire elephant, 2 elephants, 4 yaks and 2 dream sheep.

Vanquished Creatures
  A hydra (Lair:3)
  A catoblepas (Lair:3)
  Harold (D:9)
  A two-headed ogre (D:11)
  4 death yaks (Lair:2)
  A skyshark (Lair:2)
  Pikel (D:8)
  A deep elf pyromancer (D:10)
  2 orc knights (Bailey)
  2 manticores
  6 elephants (Lair:4)
  Joseph (D:8)
  2 black mambas
  Maggie (D:8)
  A torpor snail (Lair:3)
  3 rime drakes
  10 cane toads
  7 komodo dragons
  4 trolls
  A hornet (Lair:3)
  Grinder (D:5)
  12 blink frogs
  A shadow (D:9)
  A wraith (D:10)
  5 wyverns
  22 yaks
  4 basilisks
  2 redbacks (Lair:2)
  14 water moccasins
  2 ice beasts
  2 sky beasts
  4 black bears
  An ogre (D:4)
  6 orc warriors
  7 wolves (Lair:2)
  2 lemures (D:8)
  A centaur (D:7)
  4 phantoms
  A kobold brigand (D:9)
  16 bullfrogs
  4 scorpions
  5 wights (D:7)
  15 killer bees
  4 electric eels
  A howler monkey (D:10)
  9 hounds
  4 jellies
  4 orc priests
  A gnoll bouda (D:5)
  2 iguanas
  11 orc wizards
  Robin (D:3)
  17 gnolls
  6 adders
  A shadow imp (D:6)
  3 white imps
  4 worms
  48 orcs
  7 bats
  14 endoplasms
  8 giant cockroaches
  18 goblins
  8 hobgoblins
  6 jackals
  2 quokkas (D:2)
  9 ball pythons
  A frilled lizard (D:3)
  15 kobolds
  2 rats
389 creatures vanquished.

Vanquished Creatures (collateral kills)
  A blink frog (Lair:2)
1 creature vanquished.

Vanquished Creatures (others)
  An orc (D:8)
1 creature vanquished.

Grand Total: 391 creatures vanquished

Notes
Turn   | Place    | Note
-------+----------+-------------------------------------------
     0 | D:1      | Iich the Hill Orc Fighter began the quest for the Orb.
     0 | D:1      | Reached XP level 1. HP: 19/19 MP: 1/1
   140 | D:1      | Reached XP level 2. HP: 27/27 MP: 2/2
   176 | D:1      | Reached skill level 4 in Fighting
   222 | D:1      | Reached XP level 3. HP: 25/33 MP: 3/3
   616 | D:1      | Identified a scroll of acquirement
   632 | D:1      | Acquired 862 gold pieces
   860 | D:2      | Gained mutation: Your spells are a little easier to cast,
                  | but a little less powerful. [potion of mutation]
   860 | D:2      | Gained mutation: You expend magic power (3 MP) to
                  | strengthen your wands. [potion of mutation]
   860 | D:2      | Gained mutation: You have supernaturally acute eyesight.
                  | (SInv) [potion of mutation]
   946 | D:2      | Reached XP level 4. HP: 36/41 MP: 4/4
  1074 | D:2      | Reached skill level 5 in Axes
  1839 | D:3      | Reached XP level 5. HP: 34/47 MP: 5/5
  1978 | D:3      | Found Relaid's Distillery.
  2021 | D:3      | Reached skill level 5 in Fighting
  2050 | D:3      | Noticed Robin
  2060 | D:3      | Killed Robin
  2126 | D:3      | Acquired a manual of Fighting
  2200 | D:3      | Bought a potion of mutation for 104 gold pieces
  2200 | D:3      | Bought a potion of heal wounds for 65 gold pieces
  2200 | D:3      | Bought a potion of heal wounds for 65 gold pieces
  2841 | D:3      | Reached XP level 6. HP: 43/56 MP: 6/6
  2994 | D:4      | Reached skill level 6 in Fighting
  3169 | D:4      | Found a staircase to the Ecumenical Temple.
  3189 | D:4      | Reached XP level 7. HP: 12/64 MP: 7/7
  3196 | D:4      | Reached skill level 7 in Fighting
  3209 | Temple   | Entered the Ecumenical Temple
  3566 | Temple   | Became a worshipper of Gozag Ym Sagoz the Greedy
  3974 | D:5      | Entered Level 5 of the Dungeon
  4023 | D:5      | Reached skill level 8 in Fighting
  4031 | D:5      | Reached XP level 8. HP: 6/75 MP: 8/8
  4733 | D:5      | Reached skill level 10 in Axes
  4805 | D:5      | Noticed Grinder
  4820 | D:5      | Killed Grinder
  4821 | D:5      | Reached skill level 9 in Fighting
  5592 | D:6      | Reached skill level 10 in Fighting
  5997 | D:6      | Identified the +0 ring mail "Nyqulug" {rC+ Str+3 Int+4}
  6187 | D:6      | Reached XP level 9. HP: 79/86 MP: 9/9
  6462 | D:6      | Reached skill level 11 in Fighting
  6844 | D:7      | Found a shadowy altar of Dithmenos.
  7127 | D:7      | Reached skill level 12 in Fighting
  7217 | D:7      | Found a sparkling altar of Nemelex Xobeh.
  7925 | D:8      | Noticed Joseph
  8212 | D:8      | Killed Joseph
  8213 | D:8      | Reached skill level 13 in Fighting
  8263 | D:8      | Reached XP level 10. HP: 77/101 MP: 10/10
  8281 | D:8      | Noticed Maggie
  8300 | D:8      | Killed Maggie
  8301 | D:8      | Reached skill level 15 in Axes
  8436 | D:8      | Identified the +1 pair of boots "Topnuw" {rF+ Regen+}
  8469 | D:8      | Found a flagged portal.
  8566 | D:8      | Noticed Pikel
  8569 | Bailey   | Entered a bailey
  8774 | Bailey   | Reached skill level 14 in Fighting
  8794 | Bailey   | Noticed an orc knight
  8807 | Bailey   | Noticed an orc knight
  8982 | Bailey   | Killed an orc knight
  9051 | Bailey   | Killed an orc knight
  9208 | D:8      | Killed Pikel
  9209 | D:8      | Reached skill level 15 in Fighting
  9747 | D:9      | Reached XP level 11. HP: 83/113 MP: 11/11
  9930 | D:9      | Noticed Harold
  9938 | D:9      | Killed Harold
  9939 | D:9      | Reached skill level 16 in Fighting
 10326 | D:10     | Entered Level 10 of the Dungeon
 10397 | D:10     | Reached skill level 17 in Fighting
 10399 | D:10     | Found a staircase to the Lair.
 10694 | D:10     | Found Daox's Magic Scroll Shop.
 10702 | D:10     | Bought a scroll of enchant armour for 120 gold pieces
 10702 | D:10     | Bought a scroll of enchant weapon for 120 gold pieces
 10828 | D:10     | Found a staircase to the Orcish Mines.
 10834 | D:10     | Noticed a deep elf pyromancer
 10845 | D:10     | Killed a deep elf pyromancer
 11036 | D:10     | Bought a slimy cloak for 180 gold pieces
 11036 | D:10     | Identified the +1 cloak "Jusierr" {Will+ Str+5 Dex+5} (You
                  | bought it in a shop on level 10 of the Dungeon)
 11525 | D:11     | Noticed a two-headed ogre
 11542 | D:11     | Killed a two-headed ogre
 11543 | D:11     | Reached skill level 18 in Fighting
 11543 | D:11     | Reached skill level 1 in Dodging
 11958 | D:11     | Noticed a manticore
 11963 | D:11     | Killed a manticore
 12571 | Lair:1   | Entered Level 1 of the Lair of Beasts
 12602 | Lair:1   | Reached XP level 12. HP: 126/127 MP: 12/12
 12808 | Lair:1   | You fall into a shaft and drop 1 floor!
 12820 | Lair:2   | Identified the +1 leather armour of Liberalism {*Slow Str+3
                  | Stlth+}
 12948 | Lair:1   | Reached skill level 5 in Dodging
 13232 | Lair:1   | Identified the +7 plate armour "Dupupt" {Int+2}
 13676 | Lair:2   | Noticed a death yak
 13676 | Lair:2   | Noticed a death yak
 13676 | Lair:2   | Noticed a death yak
 13678 | Lair:2   | Noticed a death yak
 13697 | Lair:2   | Killed a death yak
 13700 | Lair:2   | Killed a death yak
 13700 | Lair:2   | Killed a death yak
 13702 | Lair:2   | Killed a death yak
 13703 | Lair:2   | Reached skill level 19 in Fighting
 13885 | Lair:2   | Found a hole to the Spider Nest.
 14322 | Lair:2   | Reached XP level 13. HP: 125/137 MP: 13/13
 14531 | Lair:2   | Upgraded the game from 0.30.0-13-g156ef70053 to
                  | 0.30.0-15-g856e2d3f33
 14778 | Lair:3   | Bought a glass wand for 112 gold pieces
 15113 | Lair:3   | Found a staircase to the Swamp.
 15849 | Lair:4   | Reached skill level 20 in Fighting
 15859 | Lair:4   | Noticed a dire elephant
 15883 | Lair:4   | Reached skill level 10 in Dodging
 15899 | Lair:4   | Annihilated by a dire elephant

Illustrated notes

Levels and vault maps discovered:
D:1:      dpeg_arrival_pond, layout_basic,
          nicolae_concentric_dashed_squares_wild
D:2:      layout_loops_ring
D:3:      kennysheep_goblin_castle, layout_loops_cross, serial_shops,
          nicolae_shop_tiny_glass
D:4:      layout_cave_pools, minmay_temple_entry_statues_pillars,
          serial_column_ruins, column_ruins_courtyard_long,
          column_ruins_circle_medium, column_ruins_grid_2,
          column_ruins_open_small, column_ruins_open_medium, column_ruins_grid_1
D:5:      layout_loops_corners, uniq_grinder
D:6:      layout_basic
D:7:      layout_gridville, mainiacjoe_overflow_boulevard,
          mainiacjoe_overflow_paths
D:8:      layout_rooms, enter_bailey_2, uniq_pikel, uniq_maggie, uniq_joseph
D:9:      layout_loops_cross, uniq_harold
D:10:     layout_loops_cross, due_lair_maze_entry_diamond, orc_0_dummy,
          serial_shops, nicolae_square_shop
D:11:     layout_loops_cross, water_boxes_lemuel
Temple:   nicolae_temple_bog_church
Lair:1:   layout_small_grid, infiniplex_staircase_pool
Lair:2:   beast_lair_carwin_large_1, layout_regular_city, spider_nest_entry_a,
          serial_bayou_shore_a
Lair:3:   layout_regular_city, swamp_mist_pool, pdpol_lair_cavern_descent
Lair:4:   statuecave_lemuel, layout_regular_city, lookout_lair_type,
          nicolae_lair_grazing_beasts [nicolae_sub_lair_graze_edge,
          nicolae_sub_lair_graze_edge, nicolae_sub_lair_graze_edge,
          nicolae_sub_lair_graze_edge]

Skill      XL: |  1  2  3  4  5  6  7  8  9 10 11 12 13 |
---------------+----------------------------------------+-----
Axes           | 3 4 5 6 8 9 12 14 17 18 | 18.0
Fighting       | 4 5 6 8 10 13 15 18 19 20 | 20.1
Dodging        | 3 7 10 | 10.0
Armour         | |  3.2
Shields        | |  3.2

Action                     |  1- 3 |  4- 6 |  7- 9 | 10-12 | 13-15 || total
---------------------------+-------+-------+-------+-------+-------++-------
  Melee: War axe           |    72 |   172 |   237 |   613 |   184 ||  1278
   Fire: Sling             |       |    11 |     6 |       |       ||    17
 Invoke: Potion Petition   |       |       |     2 |     1 |       ||     3
         Call Merchant     |       |       |       |     1 |     1 ||     2
  Evoke: Wand              |       |       |     5 |     8 |     9 ||    22
         Lightning rod     |       |       |       |     3 |     4 ||     7
         Box of beasts     |       |       |       |     1 |       ||     1
    Use: Scroll            |     3 |     3 |     6 |     6 |     3 ||    21
         Potion            |     2 |     3 |     6 |     2 |     5 ||    18
   Stab: Distracted        |       |       |     2 |     4 |     1 ||     7
         Invisible         |       |       |     2 |       |       ||     2
         Petrified         |       |       |       |       |     5 ||     5
         Petrifying        |       |       |       |       |     3 ||     3
 Armour: Scale mail        |    38 |    87 |    81 |     2 |       ||   208
         Acid dragon scale |       |       |       |   117 |       ||   117
         Chain mail        |       |       |       |    25 |       ||    25
         Plate armour      |       |       |       |    43 |   127 ||   170
  Dodge: Dodged            |    34 |   106 |    71 |   282 |   140 ||   633
  Block: Buckler           |    18 |    54 |    61 |   127 |    52 ||   312
